 Dungeon Crawl Stone Soup version 0.18.1-5-g4a78601 (webtiles) character file.

56852 Veros the Severer (level 14, -3/98 HPs)
             Began as a Hill Orc Berserker on May 11, 2016.
             Was an Elder of Trog.
             Killed by divine providence
             ... invoked by a smoke demon
              (13 damage)
             ... on level 1 of the Abyss on May 12, 2016.
             The game lasted 02:44:44 (22877 turns).

Veros the Severer (Hill Orc Berserker)             Turns: 22877, Time: 02:44:45

Health: -3/98      AC: 23    Str: 24      XL:     14   Next: 83%
Magic:  11/11      EV: 10    Int:  7      God:    Trog [****..]
Gold:   1514       SH:  0    Dex:  5 (6)  Spells: 0 memorised, 13 levels left

rFire  . . .     SeeInvis .     X - +7 broad axe (vamp)
rCold  . . .     Gourm    .     j - +0 pearl dragon armour
rNeg   + . .     Faith    +     (no shield)
rPois  .         Spirit   .     n - +1 helmet
rElec  .         Dismiss  .     b - +0 cloak
rCorr  .         Reflect  .     (no gloves)
SustAt .         Harm     .     m - +0 pair of boots
MR     +....     Rnd*Rage +     J - amulet of faith
Stlth  ..........               D - +5 ring of protection
                                F - +3 ring of strength

@: non-regenerating, badly diseased, somewhat resistant to hostile enchantments,
extremely unstealthy
A: berserk 3, blurry vision 3, clumsy 2, deformed body, deterioration 2, frail
3, low mp 2, screaming 1, weak 2, subdued magic 2, MP-powered wands
a: Berserk, Trog's Hand, Brothers in Arms, Burn Spellbooks, Renounce Religion


You were on level 1 of the Abyss.
You worshipped Trog.
Trog was greatly pleased with you.
You were not hungry.

You visited 3 branches of the dungeon, and saw 20 of its levels.
You visited the Abyss 1 time.

You collected 1514 gold pieces.

Inventory:

Hand Weapons
 z - a +1 executioner's axe of freezing
 A - a +3 vampiric battleaxe
 H - a +0 war axe of flaming
 X - a +7 vampiric broad axe (weapon)
Armour
 b - a +0 cloak (worn)
 j - a +0 pearl dragon armour (worn)
 m - a +0 pair of boots (worn)
 n - a +1 helmet (worn)
Jewellery
 i - an uncursed ring of protection from fire
 o - an uncursed ring of resist corrosion
 D - a +5 ring of protection (right hand)
 F - a +3 ring of strength (left hand)
 I - the ring of Res Nullius {Ice +Inv rElec Slay+2}
   (You found it on level 6 of the Dungeon)

   [ring of ice]

   It enhances your ice magic, and weakens your fire magic.
   It affects your accuracy and damage with ranged weapons and melee attacks
   (+2).
   It makes you vulnerable to fire.
   It protects you from cold.
   It insulates you from electricity.
   It lets you turn invisible.
 J - an amulet of faith (around neck)
 P - an uncursed ring of flight
 R - an uncursed amulet of harm
 S - an uncursed ring of fire
 V - an uncursed ring of protection from cold
Wands
 l - a wand of polymorph (24/24)
 q - a wand of iceblast (5/15)
 v - a wand of digging (13/24)
 O - a wand of digging (17/24)
 T - a wand of confusion (21/48)
 W - a wand of paralysis (13/24)
Scrolls
 e - 13 scrolls of remove curse
 g - 6 scrolls of identify
 k - 2 scrolls of immolation {unknown}
 t - a scroll of enchant weapon
 w - 3 scrolls of enchant armour
 y - 5 scrolls of fear
 M - a scroll of blinking
 Z - 2 scrolls of recharging
Potions
 a - a potion of invisibility
 h - 3 potions of berserk rage
 s - 4 potions of flight
 u - 3 potions of curing
 x - a potion of agility
 B - 2 potions of cancellation
 G - 2 potions of magic
Books
 f - a book of Battle

   Spells                             Type                      Level
   a - Infusion                       Charms                       1
   b - Shroud of Golubria             Charms/Translocation         2
   c - Song of Slaying                Charms                       2
   d - Spectral Weapon                Hexes/Charms                 3
   e - Regeneration                   Charms/Necromancy            3
   Trog disapproves of the use of such an item.
 C - a book of Death

   Spells                             Type                      Level
   a - Corpse Rot                     Necromancy                   2
   b - Sublimation of Blood           Necromancy                   2
   c - Agony                          Necromancy                   5
   d - Dispel Undead                  Necromancy                   5
   e - Excruciating Wounds            Charms/Necromancy            5
   f - Bolt of Draining               Conjuration/Necromancy       5
   Trog disapproves of the use of such an item.
 E - a book of Enchantments

   Spells                             Type                      Level
   a - Cause Fear                     Hexes                        4
   b - Yara's Violent Unravelling     Hexes/Transmutation          5
   c - Silence                        Hexes/Air                    5
   d - Deflect Missiles               Charms/Air                   6
   e - Haste                          Charms                       6
   f - Discord                        Hexes                        8
   Trog disapproves of the use of such an item.
Miscellaneous
 K - a stone of tremors
 N - a box of beasts
 Q - a fan of gales (inert)
 U - a lamp of fire
Comestibles
 c - 4 bread rations
 d - 4 meat rations
 r - 11 fruits


   Skills:
 + Level 17.1 Fighting
 + Level 18.2 Axes
   Level 0.2(10.5) Polearms
 + Level 15.3 Armour
 - Level 2.7 Dodging
 - Level 0.5 Stealth


You had 13 spell levels left.
You didn't know any spells.

Dungeon Overview and Level Annotations

Branches:
Dungeon (11/15)            Temple (0/1) D:6            Lair (8/8) D:11
 Shoals (0/4) Lair:6        Snake (0/4) Lair:4        Slime (0/6) Lair:7
    Orc (1/2) D:10

Altars:
Elyvilon
Kikubaaqudgha
Makhleb
Nemelex Xobeh
Pakellas
Ru
Sif Muna
Trog
Vehumet
Yredelemnul
Zin

Portals:
Hell: Lair:8

Annotations:
D:2 1 exclusion
Orc:1 Erica


Innate Abilities, Weirdness & Mutations

You occasionally shout uncontrollably at your foes.
[You have an uncontrollable temper.]
[Scrolls take you much longer to read.]
[You are very clumsy. (Dex -4)]
[Armour fits poorly on your strangely shaped body.]
[Your body often deteriorates upon taking damage.]
[You are extremely frail (-30% HP).]
[Your magical capacity is very low (-20% MP).]
[You are very weak. (Str -4)]
[Your spells are easier to cast, but less powerful.]
[You expend magic power (3 MP) to strengthen your wands.]


Message History

A starcursed mass splits.
The wretched star pulses with an eldritch light!
Your vision blurs. x2; You feel clumsy. x2
A chorus of shrieks assaults your mind.
* * * LOW HITPOINT WARNING * * *
You feel ill.
A starcursed mass splits.
The ancient zyme hits you but does no damage. x2
The smoke demon roars!
The ancient zyme hits you but does no damage. x2
A tentacle flies out from the starspawn's body!
A starspawn tentacle comes into view.
A chorus of shrieks assaults your mind.
* * * LOW HITPOINT WARNING * * *
A chorus of shrieks assaults your mind.
* * * LOW HITPOINT WARNING * * *
A starcursed mass splits.
The smoke demon gestures at you. Something smites you!
You die...

..# #. # #..# .
# #.... #####
#...####.#. .
##..#.#..###Xw
#..#..#X..XX#.
#...#3.X..##.X
#..#...x#######
#....@## X
#.#.#..# #.
##.# #. # #..
... #.## ...
.##


You could see 2 starcursed masses, an ancient zyme and a smoke demon.

Vanquished Creatures
  The ghost of dracos369 the Grappler, a journeyman TrMo (Lair:6)
  Fannar (Lair:1)
  A hydra (Lair:8)
  A catoblepas (Lair:8)
  6 death yaks
  Nergalle (Lair:1)
  2 hill giants (D:10)
  An ugly thing (D:9)
  A wizard (Lair:8)
  3 griffons
  9 elephants
  3 black mambas
  A torpor snail (Lair:7)
  A gargoyle (D:11)
  An orange demon (Lair:8)
  13 spiny frogs
  4 komodo dragons
  4 rime drakes
  A hellwing (Lair:8)
  2 ice devils (Lair:8)
  A polar bear (Lair:8)
  A spriggan druid (Lair:4)
  6 blink frogs
  10 spriggans
  4 wyverns
  A wraith (D:10)
  56 yaks
  3 basilisks
  A vampire mosquito (D:8)
  A warg (Orc:1)
  A mottled dragon (D:11)
  14 hippogriffs
  A hungry ghost (D:10)
  A hell hound (Lair:8)
  Duvessa (D:5)
  9 water moccasins
  9 porcupines
  6 ice beasts
  2 wasps (Lair:4)
  4 sky beasts
  2 phantoms
  5 orc warriors
  A necrophage (D:10)
  47 wolves
  9 ogres
  A black bear (D:7)
  The ghost of dracos369 the Stinger, an amateur DgVM (D:4)
  2 centaurs
  17 crocodiles
  20 giant frogs
  A small abomination (Abyss:1)
  A gnoll sergeant (D:9)
  A wyvern zombie (D:8)
  Dowan (D:5)
  A wyvern skeleton (D:9)
  4 scorpions
  2 troll zombies (D:10)
  6 killer bees
  7 wights
  An electric eel (Lair:5)
  A howler monkey (D:9)
  A quasit (D:7)
  8 crimson imps
  Crazy Yiuf (D:6)
  A giant frog zombie (D:6)
  10 hounds
  A jelly (D:5)
  3 giant frog skeletons
  4 orc priests
  3 centaur skeletons (D:10)
  5 orc wizards
  10 iguanas
  10 worker ants
  5 sheep (Lair:7)
  6 ogre zombies (D:10)
  2 hound skeletons
  A hound zombie (D:10)
  Robin (D:2)
  A howler monkey zombie (D:10)
  11 adders
  8 gnolls
  2 howler monkey skeletons
  71 river rats
  3 shadow imps
  An ooze (D:3)
  2 adder zombies (D:6)
  3 adder skeletons
  4 worms
  4 dart slugs
  8 giant geckos
  38 orcs
  A ball python (D:1)
  9 bats
  3 giant cockroaches
  18 goblins
  14 hobgoblins
  8 jackals
  10 quokkas
  4 giant newts
  2 goblin skeletons (D:10)
  3 goblin zombies (D:10)
  16 kobolds
  An orc skeleton (D:10)
  19 orc zombies (D:10)
  40 rats
  4 fungi
  4 plants
704 creatures vanquished.

Vanquished Creatures (collateral kills)
  An orc warlord (Orc:1)
  The ghost of krfreak the Swashbuckler, a journeyman HaAK of Lugonu (Lair:6)
  A dire elephant (Lair:8)
  A hell beast (Lair:8)
  A griffon (Lair:4)
  A cyclops (D:11)
  An elephant (Lair:4)
  A guardian serpent (D:11)
  An apocalypse crab (Abyss:1)
  2 orange demons (Lair:8)
  A spiny frog (Lair:4)
  An ice devil (Lair:8)
  2 spriggan druids (Lair:4)
  3 red devils (Lair:8)
  2 trolls
  3 spriggans
  3 orc warriors
  A wasp (Lair:4)
  A big kobold (D:7)
  5 killer bees
  2 electric eels (Lair:5)
  3 orc priests
  2 orc wizards
  3 orcs
  2 kobolds (D:7)
45 creatures vanquished.

Vanquished Creatures (others)
  9 fungi
  5 plants
  2 starspawn tentacles (Abyss:1)
16 creatures vanquished.

Grand Total: 765 creatures vanquished

Notes
Turn   | Place    | Note
--------------------------------------------------------------
     0 | D:1      | Veros the Hill Orc Berserker began the quest for the Orb.
     0 | D:1      | Reached XP level 1. HP: 19/19 MP: 1/1
   169 | D:1      | Reached XP level 2. HP: 27/27 MP: 2/2
   652 | D:1      | Reached ** piety under Trog
   652 | D:1      | Reached XP level 3. HP: 32/33 MP: 3/3
  1442 | D:2      | Reached XP level 4. HP: 20/40 MP: 4/4
  1456 | D:2      | Noticed Robin
  1748 | D:2      | Killed Robin
  1748 | D:2      | Reached skill level 5 in Axes
  2480 | D:2      | Found a glowing silver altar of Zin.
  2520 | D:2      | Reached *** piety under Trog
  2549 | D:2      | Reached XP level 5. HP: 47/47 MP: 5/5
  2722 | D:2      | Reached **** piety under Trog
  2941 | D:3      | Found an oddly glowing altar of Pakellas.
  3732 | D:4      | Reached XP level 6. HP: 55/55 MP: 6/6
  3754 | D:4      | Noticed dracos369's ghost (amateur DgVM)
  3782 | D:4      | Killed dracos369's ghost
  3782 | D:4      | Reached skill level 5 in Fighting
  3782 | D:4      | Reached skill level 6 in Axes
  4774 | D:4      | Got a slimy scale mail
  4786 | D:4      | Identified the +1 scale mail of the Ban {*Confuse Int+4} (You found it on level 4 of the Dungeon)
  4812 | D:4      | Reached XP level 7. HP: 62/62 MP: 7/7
  4856 | D:4      | Reached ***** piety under Trog
  4858 | D:4      | Reached skill level 7 in Axes
  5442 | D:5      | Entered Level 5 of the Dungeon
  5651 | D:5      | Found a white marble altar of Elyvilon.
  5684 | D:5      | Reached skill level 5 in Armour
  5766 | D:5      | Reached XP level 8. HP: 7/71 MP: 8/8
  6209 | D:5      | Noticed Duvessa
  6210 | D:5      | Noticed Dowan
  6222 | D:5      | Killed Duvessa
  6222 | D:5      | Reached skill level 8 in Axes
  6223 | D:5      | Killed Dowan
  6740 | D:6      | Got a transparent bronze ring
  6742 | D:6      | Identified the ring of Res Nullius {Ice +Inv rElec Slay+2} (You found it on level 6 of the Dungeon)
  6821 | D:6      | Reached skill level 9 in Axes
  7134 | D:6      | Gained mutation: You have a pair of small horns on your head. [mutagenic meat]
  7135 | D:6      | Gained mutation: [Scrolls take you a little longer to read.] [mutagenic meat]
  7136 | D:6      | Gained mutation: You possess an exceptional clarity of mind. [mutagenic meat]
  7137 | D:6      | Gained mutation: [You are frail (-10% HP).] [mutagenic meat]
  7138 | D:6      | Gained mutation: You are resistant to hostile enchantments. [potion of beneficial mutation]
  7144 | D:6      | Lost mutation: [You are frail (-10% HP).] [potion of cure mutation]
  7144 | D:6      | Lost mutation: You are resistant to hostile enchantments. [potion of cure mutation]
  7144 | D:6      | Lost mutation: You possess an exceptional clarity of mind. [potion of cure mutation]
  7144 | D:6      | Lost mutation: You have a pair of small horns on your head. [potion of cure mutation]
  7246 | D:6      | Noticed Crazy Yiuf
  7251 | D:6      | Reached XP level 9. HP: 70/81 MP: 9/9
  7258 | D:6      | Killed Crazy Yiuf
  7535 | D:6      | Found a staircase to the Ecumenical Temple.
  7639 | D:7      | Found a bloodstained altar of Trog.
  7732 | D:7      | Reached skill level 10 in Axes
  7964 | D:7      | Found an ancient bone altar of Kikubaaqudgha.
  7964 | D:7      | Found a sparkling altar of Nemelex Xobeh.
  7964 | D:7      | Found a radiant altar of Vehumet.
  7970 | D:7      | Found a bloodstained altar of Trog.
  8334 | D:7      | Got a smoking helmet
  8337 | D:7      | Identified the cursed +0 helmet of the Oligarchy {+Inv MR++ Str-5 Stlth+} (You found it on level 7 of the Dungeon)
  8353 | D:7      | You fall through a shaft for 3 floors!
  8353 | D:10     | Entered Level 10 of the Dungeon
  8410 | D:10     | Noticed a hill giant
  8413 | D:10     | Noticed a hill giant
  8419 | D:10     | Killed a hill giant
  8421 | D:10     | Killed a hill giant
  8421 | D:10     | Reached skill level 10 in Fighting
  8421 | D:10     | Reached skill level 11 in Axes
  8421 | D:10     | Reached XP level 10. HP: 93/93 MP: 10/10
  8534 | D:10     | Found a staircase to the Orcish Mines.
  9258 | D:9      | Noticed a cyan ugly thing
  9273 | D:9      | Killed a cyan ugly thing
  9273 | D:9      | Reached skill level 12 in Axes
  9710 | D:9      | Found a basalt altar of Yredelemnul.
 10288 | D:9      | Reached skill level 10 in Armour
 10448 | D:9      | Found a white marble altar of Elyvilon.
 10518 | D:8      | Reached XP level 11. HP: 96/102 MP: 11/11
 10589 | D:8      | Found a sacrificial altar of Ru.
 11184 | D:8      | Reached skill level 13 in Axes
 11352 | D:8      | Identified Wuwuimpo's Collected Works on the Supportive Volcanoes
 11740 | D:11     | Noticed a cyclops
 11740 | D:11     | Killed a cyclops
 12482 | D:11     | Found a staircase to the Lair.
 12571 | Lair:1   | Entered Level 1 of the Lair of Beasts
 12731 | Lair:1   | Reached skill level 14 in Axes
 12902 | Lair:1   | Noticed Nergalle
 12926 | Lair:1   | Killed Nergalle
 12926 | Lair:1   | Reached ****** piety under Trog
 12926 | Lair:1   | Reached XP level 12. HP: 104/115 MP: 12/12
 13186 | Lair:1   | Gained mutation: [You are frail (-10% HP).] [potion of mutation]
 13186 | Lair:1   | Gained mutation: You occasionally shout uncontrollably at your foes. [potion of mutation]
 13672 | Lair:1   | Noticed Fannar
 13690 | Lair:1   | Killed Fannar
 14092 | Lair:2   | Found a deep blue altar of Sif Muna.
 14107 | Lair:2   | Received a gift from Trog
 14421 | Lair:2   | Reached skill level 15 in Axes
 14946 | Lair:2   | You fall through a shaft for 2 floors!
 15098 | Lair:4   | Noticed a death yak
 15100 | Lair:4   | Noticed a death yak
 15102 | Lair:4   | Noticed a death yak
 15103 | Lair:4   | Noticed a death yak
 15104 | Lair:4   | Noticed a death yak
 15116 | Lair:4   | Killed a death yak
 15116 | Lair:4   | Killed a death yak
 15120 | Lair:4   | Killed a death yak
 15123 | Lair:4   | Killed a death yak
 15124 | Lair:4   | Killed a death yak
 15124 | Lair:4   | Reached XP level 13. HP: 106/112 MP: 13/13
 15256 | Lair:4   | Received a gift from Trog
 15623 | Lair:4   | Reached skill level 16 in Axes
 15761 | Lair:4   | Received a gift from Trog
 15761 | Lair:4   | Reached skill level 15 in Fighting
 15830 | Lair:4   | Found a staircase to the Snake Pit.
 17547 | Lair:6   | Noticed dracos369's ghost (journeyman TrMo)
 17568 | Lair:6   | Killed dracos369's ghost
 17607 | Lair:6   | Noticed krfreak's ghost (journeyman HaAK)
 17624 | Lair:6   | Killed krfreak's ghost
 18272 | Lair:6   | Found a staircase to the Shoals.
 18964 | Lair:7   | Reached skill level 17 in Axes
 19213 | Lair:7   | Found a staircase to the Slime Pits.
 19237 | Lair:7   | Reached XP level 14. HP: 101/123 MP: 14/14
 19373 | Lair:7   | Received a gift from Trog
 19986 | Lair:8   | Entered Level 8 of the Lair of Beasts
 20367 | Lair:8   | Noticed a dire elephant
 20386 | Lair:8   | Killed a dire elephant
 21104 | Lair:8   | Found a burning altar of Makhleb.
 21135 | Lair:8   | Received a gift from Trog
 21145 | Lair:8   | Reached skill level 15 in Armour
 21458 | Lair:8   | Found a gateway to Hell.
 22000 | Lair:3   | Reached skill level 18 in Axes
 22598 | Orc:1    | Entered Level 1 of the Orcish Mines
 22599 | Orc:1    | Noticed an orc warlord
 22609 | Orc:1    | Noticed Erica
 22609 | Orc:1    | Received a gift from Trog
 22612 | Orc:1    | Killed an orc warlord
 22727 | Orc:1    | Cast into level 1 of the Abyss (orc)
 22864 | Abyss:1  | Noticed a starcursed mass
 22865 | Abyss:1  | Noticed a tentacled starspawn
 22877 | Abyss:1  | Killed from afar by a smoke demon

Skill      XL: |  1  2  3  4  5  6  7  8  9 10 11 12 13 14 |
---------------+-------------------------------------------+-----
Fighting       | 4 5 6 8 10 11 13 14 16 17 | 17.1
Dodging        | 2 |  2.7
Axes           | 5 6 7 9 11 12 14 15 17 18 | 18.2
Armour         | 3 4 5 6 8 10 11 13 14 15 | 15.3
Polearms       | |  0.2
Stealth        | |  0.5

Action                   |  1- 3 |  4- 6 |  7- 9 | 10-12 | 13-15 || total
-------------------------+-------+-------+-------+-------+-------++-------
Melee: Hand axe          |   126 |   151 |       |       |       ||   277
       War axe           |       |   131 |   318 |   337 |    11 ||   797
       Trident           |       |    29 |       |       |       ||    29
       Battleaxe         |       |       |       |   212 |   408 ||   620
       Broad axe         |       |       |       |   122 |   155 ||   277
       Executioner's axe |       |       |       |       |    78 ||    78
Invok: Berserk           |     1 |     4 |     4 |     4 |     4 ||    17
       Brothers in Arms  |       |       |     2 |     3 |    18 ||    23
       Trog's Hand       |       |       |     1 |     1 |     2 ||     4
Evoke: Lamp of fire      |       |       |       |     1 |       ||     1
       Fan of gales      |       |       |       |       |     1 ||     1
  Use: Scroll            |       |     2 |    11 |     4 |     6 ||    23
       Potion            |       |       |    11 |     6 |     2 ||    19
 Stab: Sleeping          |     1 |       |       |       |       ||     1
  Eat: Chunk             |     1 |     3 |     8 |     3 |       ||    15
       Meat ration       |     1 |     1 |     1 |     1 |     7 ||    11
       Bread ration      |       |     1 |     1 |     3 |     5 ||    10
       Beef jerky        |       |       |     1 |     2 |     1 ||     4
       Pizza             |       |       |     1 |     1 |     2 ||     4
       Fruit             |       |       |       |     5 |     5 ||    10
       Royal jelly       |       |       |       |     1 |       ||     1
Armor: Animal skin       |    11 |       |       |       |       ||    11
       Ring mail         |    38 |    81 |       |       |       ||   119
       Plate armour      |       |    38 |    62 |   404 |       ||   504
       Scale mail        |       |       |    87 |       |       ||    87
       Pearl dragon armo |       |       |       |   105 |   612 ||   717
Dodge: Dodged            |    98 |   173 |   184 |   358 |   444 ||  1257
